Workbook
Name _.: #REF!
Name _.: #REF!
Name _R: #REF!
Name _R: #REF!
Name Area_Print: #REF!
Name Area_Print: #REF!
Name Clear_CAST_Price_Summary: Currency!Clear_CAST_Price_Summary
Name Clear_CAST_Price_Summary: 'Option 1_IPP'!Clear_CAST_Price_Summary
Name Clear_CAST_Price_Summary: [0]!Clear_CAST_Price_Summary
Name Cost_Allocation: [1]Data!$C$2:$C$12
Name Cost_Allocation: [2]Data!$C$2:$C$12
Name CPA_Data: [1]Data!$F$2:$F$14
Name CPA_Data: [2]Data!$F$2:$F$14
Name Currency: [1]Data!$E$2:$E$19
Name Currency: [2]Data!$E$2:$E$19
Name Currency_A: [3]Data!$E$2:$E$19
Name Currency_A: [4]Data!$E$2:$E$19
Name Currency_Allocated: '[5]Option X3'!$D$9:$D$26
Name Currency_Allocated: '[6]Option X3'!$D$9:$D$26
Name CurrencyA: [7]Data!$E$2:$E$19
Name D: #REF!
Name D: #REF!
Name Data: 'Option 1_IPP'!$A$33:$L$52
Name Data: #REF!
Name Data_Daywork: #REF!
Name Data_Daywork: #REF!
Name Data_Opt_Bill5: #REF!
Name Data_Opt_Bill5: #REF!
Name Option_N: '[5]Option X5'!$H$9:$H$18
Name Option_N: '[6]Option X5'!$H$9:$H$18
Name P: #REF!
Name P: #REF!
Name PS5_Allocation: [1]Data!$B$2:$B$20
Name PS5_Allocation: [2]Data!$B$2:$B$20
Name Q: #REF!
Name Q: #REF!
Name S: #REF!
Name S: #REF!
Name Sort_Data: #REF!
Name Sort_Data: #REF!
Name w: Currency!w
Name w: 'Option 1_IPP'!w
Name w: [0]!w

Sheet Option 1_IPP
B1: Pricing Schedule : IPP Portal Phase 2B
B3: VENDOR NAME
B7: IMPORTANT NOTES
B8: All cells highlighted in GREEN must be completed
B9: Quoted prices MUST be in ZAR, EXCLUDING VAT and ESCALATIONS
B10: CPA and ROE To be stated in the Asumptions table below
B11: IPP Portal
B12: Prices MUST be quoted based on the SCOPE provided
B13: Estimated quantities are based on the required number of Licenses
B14: Select the currency from the CURRENCY drop-down list in COLUMN "G"
B16: Capture the applicable Currency, ROE and ROE Published Date on the "Currency sheet".
B17: The adjustments for prevailing rates and the basis for future price adjustments will be determined at time of contracting.
... B31: Closeout
M32: EXECUTION PHASE
I33: PROJECT PHASE | M33: YEAR 1
A34: Item Number | B34: Category | C34: Description | D34: Total Estimated Quantity | E34: Unit charge | F34: CURRENCY | I34: Unit Price in Nominated Currency | J34: Unit Price in ZAR | K34: Total [Nominated Currency] | L34: Total in ZAR | M34: Unit Price in Nominated Currency | N34: Unit Price in ZAR | O34: Total [Nominated Currency] | P34: Total in ZAR
A35: 1 | B35: Software License | C35: User License | D35: 0 | E35: Per License | F35: =IF(G35="","",IF(G35="ZAR","Local","Foreign")) -> Local | G35: ZAR | H35: =IF(F35="","",IF(F35="Foreign",VLOOKUP(G35,Currency!$E$20:$F$33,2,FALSE),1)) -> 1 | AJ35: DKK
F36: =IF(G36="","",IF(G36="ZAR","Local","Foreign")) -> Local | G36: ZAR | H36: =IF(F36="","",IF(F36="Foreign",VLOOKUP(G36,Currency!$E$20:$F$33,2,FALSE),1)) -> 1
A37: 2 | B37: Software Maintenance | C37: Maintenance & Support | D37: 0 | E37: Sum | F37: =IF(G37="","",IF(G37="ZAR","Local","Foreign")) -> Local | G37: ZAR | H37: =IF(F37="","",IF(F37="Foreign",VLOOKUP(G37,Currency!$E$20:$F$33,2,FALSE),1)) -> 1 | M37: 0 | N37: =M37*$H37 -> 0 | O37: =M37*$D37 -> 0 | P37: =N37*$D37 -> 0 | AJ37: DKK
F38: =IF(G38="","",IF(G38="ZAR","Local","Foreign")) -> Local | G38: ZAR | H38: =IF(F38="","",IF(F38="Foreign",VLOOKUP(G38,Currency!$E$20:$F$33,2,FALSE),1)) -> 1 | M38: 0 | N38: =M38*$H38 -> 0 | O38: =M38*$D37 -> 0 | P38: =N38*$D37 -> 0
A39: 3 | B39: Solution Implementation | C39: Planning and Design | D39: 1 | E39: sum | F39: =IF(G39="","",IF(G39="ZAR","Local","Foreign")) -> Local | G39: ZAR | H39: =IF(F39="","",IF(F39="Foreign",VLOOKUP(G39,Currency!$E$20:$F$33,2,FALSE),1)) -> 1 | I39: 0 | J39: =I39*$H39 -> 0 | K39: =I39*$D39 -> 0 | L39: =J39*$D39 -> 0 | AJ39: HKD
F40: =IF(G40="","",IF(G40="ZAR","Local","Foreign")) -> Local | G40: ZAR | H40: =IF(F40="","",IF(F40="Foreign",VLOOKUP(G40,Currency!$E$20:$F$33,2,FALSE),1)) -> 1 | I40: 0 | J40: =I40*$H40 -> 0 | K40: =I40*$D39 -> 0 | L40: =J40*$D39 -> 0
C41: Build, Configure, Test (Unit Testing, UAT, Functional and Integrated Testing, Performance Testing, etc) | D41: 1 | E41: sum | F41: =IF(G41="","",IF(G41="ZAR","Local","Foreign")) -> Local | G41: ZAR | H41: =IF(F41="","",IF(F41="Foreign",VLOOKUP(G41,Currency!$E$20:$F$33,2,FALSE),1)) -> 1 | I41: 0 | J41: =I41*$H41 -> 0 | K41: =I41*$D41 -> 0 | L41: =J41*$D41 -> 0 | AJ41: JPY
F42: =IF(G42="","",IF(G42="ZAR","Local","Foreign")) -> Local | G42: ZAR | H42: =IF(F42="","",IF(F42="Foreign",VLOOKUP(G42,Currency!$E$20:$F$33,2,FALSE),1)) -> 1 | I42: 0 | J42: =I42*$H42 -> 0 | K42: =I42*$D41 -> 0 | L42: =J42*$D41 -> 0
C43: System integration - all applications | D43: 1 | E43: sum | F43: =IF(G43="","",IF(G43="ZAR","Local","Foreign")) -> Local | G43: ZAR | H43: =IF(F43="","",IF(F43="Foreign",VLOOKUP(G43,Currency!$E$20:$F$33,2,FALSE),1)) -> 1 | I43: 0 | J43: =I43*$H43 -> 0 | K43: =I43*$D43 -> 0 | L43: =J43*$D43 -> 0
F44: =IF(G44="","",IF(G44="ZAR","Local","Foreign")) -> Local | G44: ZAR | H44: =IF(F44="","",IF(F44="Foreign",VLOOKUP(G44,Currency!$E$20:$F$33,2,FALSE),1)) -> 1 | I44: 0 | J44: =I44*$H44 -> 0 | K44: =I44*$D43 -> 0 | L44: =J44*$D43 -> 0
C45: Deployment | D45: 1 | E45: sum | F45: =IF(G45="","",IF(G45="ZAR","Local","Foreign")) -> Local | G45: ZAR | H45: =IF(F45="","",IF(F45="Foreign",VLOOKUP(G45,Currency!$E$20:$F$33,2,FALSE),1)) -> 1 | I45: 0 | J45: =I45*$H45 -> 0 | K45: =I45*$D45 -> 0 | L45: =J45*$D45 -> 0 | AJ45: USD
F46: =IF(G46="","",IF(G46="ZAR","Local","Foreign")) -> Local | G46: ZAR | H46: =IF(F46="","",IF(F46="Foreign",VLOOKUP(G46,Currency!$E$20:$F$33,2,FALSE),1)) -> 1 | I46: 0 | J46: =I46*$H46 -> 0 | K46: =I46*$D45 -> 0 | L46: =J46*$D45 -> 0
A47: 4 | B47: Solution Support | C47: Stabilisation and Support | D47: 1 | E47: sum | F47: =IF(G47="","",IF(G47="ZAR","Local","Foreign")) -> Local | G47: ZAR | H47: =IF(F47="","",IF(F47="Foreign",VLOOKUP(G47,Currency!$E$20:$F$33,2,FALSE),1)) -> 1 | I47: 0 | J47: =I47*$H47 -> 0 | K47: =I47*$D47 -> 0 | L47: =J47*$D47 -> 0 | M47: 0 | N47: =M47*$H47 -> 0 | O47: =M47*$D47 -> 0 | P47: =N47*$D47 -> 0
F48: =IF(G48="","",IF(G48="ZAR","Local","Foreign")) -> Local | G48: ZAR | H48: =IF(F48="","",IF(F48="Foreign",VLOOKUP(G48,Currency!$E$20:$F$33,2,FALSE),1)) -> 1 | I48: 0 | J48: =I48*$H48 -> 0 | K48: =I48*$D47 -> 0 | L48: =J48*$D47 -> 0 | M48: 0 | N48: =M48*$H48 -> 0 | O48: =M48*$D47 -> 0 | P48: =N48*$D47 -> 0
A49: 5 | B49: Training and skills transfer | C49: Support Staff | D49: 1 | E49: Per Attendee | F49: =IF(G49="","",IF(G49="ZAR","Local","Foreign")) -> Local | G49: ZAR | H49: =IF(F49="","",IF(F49="Foreign",VLOOKUP(G49,Currency!$E$20:$F$33,2,FALSE),1)) -> 1 | I49: 0 | J49: =I49*$H49 -> 0 | K49: =I49*$D49 -> 0 | L49: =J49*$D49 -> 0 | AJ49: DKK
C50: Train-The-Trainer | D50: 1 | E50: Per Attendee | F50: =IF(G50="","",IF(G50="ZAR","Local","Foreign")) -> Local | G50: ZAR | H50: =IF(F50="","",IF(F50="Foreign",VLOOKUP(G50,Currency!$E$20:$F$33,2,FALSE),1)) -> 1 | I50: 0 | J50: =I50*$H50 -> 0 | K50: =I50*$D50 -> 0 | L50: =J50*$D50 -> 0 | AJ50: GBP
B51: Total | L51: =SUM(L35:L50) -> 0 | P51: =SUM(P35:P50) -> 0
B53: GRAND TOTAL | L53: =SUM(L51,P51,#REF!,#REF!,#REF!,#REF!) -> #REF!
B55: PRICING ASSUMPTIONS (INCLUDE ANY PRICING ASSUMPTIONS USED TO DETERMINE THE PRICES, ESPECIALLY FOR ITEMS THAT REQUIRE SUMS; CLEARLY REFERENCE THE ITEMS IMPACTED). INDICATE PRICING ADJUSTMENT FORMULAS IF APPLICABLE. COST PRICE ADJUSTMENT TO BE CLEARLY STATED WITH APPLICABLE INDICES. ROE TO BE STATED IF APPLICABLE.

Sheet Currency
B2: ='Option 1_IPP'!B3 -> VENDOR NAME
B4: EXCHANGE RATES FOR MULTIPLE CURRENCIES
B6: NOTES:
B7: 1 | C7: The table below needs to be completed if the Employer will be exposed to any currency fluctuation as stipulated in Secondary Clause X3. For conversion of the foreign portions to Rand, please use the South African Reserve Bank's (SARB) exchange rate at 12:00 on the day of advertisement of the bid. This is in terms of the Preferential Procurement Policy Framework Act (PPPFA) with which the Employer has to comply. NB: Tenderers must submit proof of the SARB rate(s) of exchange used
B8: 2 | C8: The following URL (electronic route) is to be followed to access the relevant SARB rates on their web pages:
C9: www.resbank.co.za
C10: - Select Research - Then select Rates - Click on "Select historical exchange rates and other interest rates" - Clicking on the exchange rate in the following page opens the daily rates per currency and SA Rand
B11: 3 | C11: The Employer deals only in the currencies listed below unless other currencies are specifically approved for this tender. Kindly notify the Employer of any currency that the tenderer intends to use, but is not stipulated in the table, to consider sanctioning such currency. Sufficient time must be allowed for the assessment and to respond to such request. The onus is on the tenderer to submit a bid with approved currencies
B12: 4 | C12: The format in which the exchange rate must be inserted in the table is: 1 (One) Foreign Currency = R Amount (i.e. the Rand amount for one of each foreign currency applicable). Exchange rates must be rounded to 4 decimals NB : Only the USD/ZAR, GBP/ZAR and EUR/ZAR are published in this way on the SARB web pages above. The Rand rate with the other currencies must be inverted (1/Foreign Currency Rate) in order to list it in the required format in the table below
B13: 5 | C13: All information in the table below must conform with all other equivalent information in the offer.
C14: Payment in terms of Payment Method 2 is considered as a "foreign payment" although it will be effected in South African Rand. However, amounts for "F.O.R. Price-Goods supplied from Imported Items", are NOT considered as "foreign payments"
C15: If more than one payment method apply for a currency, the Tenderer must request an additional row be inserted in the table in order to split the values and identify the relevant method.
C18: MULTIPLE CURRENCIES
C19: No | D19: Currency Description | E19: Code | F19: Exchange Rate Currency 1,00 = | G19: Date Published | H19: Source
C20: 1 | D20: Australian Dollar | E20: AUD
C21: 2 | D21: Canadian Dollar | E21: CAN
C22: 3 | D22: Swiss Franc | E22: CHF
C23: 4 | D23: Danish Krone | E23: DKK
C24: 5 | D24: European Currency | E24: EUR
C25: 6 | D25: British Pound | E25: GBP
C26: 7 | D26: Hong Kong Dollar | E26: HKD
C27: 8 | D27: Japanese Yen | E27: JPY
C28: 9 | D28: Norwegian Krone | E28: NOK
C29: 10 | D29: New Zealand Dollar | E29: NZD
C30: 11 | D30: Swedish Krone | E30: SEK
C31: 12 | D31: Singapore Dollar | E31: SGD
C32: 13 | D32: United States Dollar | E32: USD
C33: 14 | D33: South African Rand | E33: ZAR | F33: 1
